 Dungeon Crawl Stone Soup version 0.31-a0-859-g9dce7d3444 (webtiles) character file.

Game seed: 3455233834073145971

30 CowFu the Slasher (level 3, -3/31 HPs)
             Began as a Draconian Monk on Oct 9, 2023.
             Splashed by a jelly's acid (4 damage)
             ... on level 2 of the Dungeon.
             The game lasted 00:01:04 (1053 turns).

CowFu the Slasher (Draconian Monk)                  Turns: 1053, Time: 00:01:05

Health: -3/31      AC: -3    Str: 13    XL:     3   Next: 5%
Magic:  3/3        EV: 12    Int: 10    God:
Gold:   79         SH:  0    Dex: 15    Spells: 2/2 levels left

rFire   . . .        a - +0 falchion
rCold   . . .        c - orb {light}
rNeg    . . .        (body armour unavailable)
rPois   .            (helmet restricted)
rElec   .            (no cloak)
rCorr   .            (no gloves)
SInv    .            (no boots)
Will    .....        (no amulet)
Stlth   +            (no ring)
HPRegen 0.25/turn    (no ring)
MPRegen 0.08/turn

%: no passive effects
@: corroded, glowing
A: AC +5, unfitting armour, cold-blooded
a: no special abilities


You were on level 2 of the Dungeon.
You visited 1 branch of the dungeon, and saw 2 of its levels.

You collected 79 gold pieces.

Inventory:

Hand Weapons
 a - a +0 falchion (weapon)
Armour
 c - an orb of light (worn)
Scrolls
 d - 2 scrolls of blinking {unknown}
 f - a scroll of amnesia {unknown}
 j - a scroll of identify {unknown}
 l - a scroll of torment {unknown}
Potions
 b - a potion of ambrosia
 e - a potion of resistance {unknown}
 g - a potion of brilliance {unknown}
 h - a potion of heal wounds {unknown}
 i - a potion of cancellation {unknown}
 k - a potion of mutation {unknown}


   Skills:
 - Level 3.2 Fighting
 + Level 4.2 Long Blades
 - Level 2.6 Dodging


You had 2 spell levels left.
You didn't know any spells.
Your spell library was empty.

Dungeon Overview and Level Annotations

Branches:
Dungeon (2/15)

Altars:


Innate Abilities, Weirdness & Mutations

Your plain brown scales are hard. (AC +5)
You cannot fit into any form of body armour.
You are cold-blooded and may be slowed by cold attacks.


Message History

You open the door.
There is an open door here.
l - a scroll labelled XOGEDW SASKENG No target in view!
As you open the door, it creaks loudly!
No target in view!
There is an open door here.
You open the door.
An endoplasm comes into view.
An endoplasm is nearby!
An endoplasm is nearby!
The endoplasm hits you.
A jelly comes into view.
There are monsters nearby!
You hit the endoplasm. You tail-slap the endoplasm.
You kill the endoplasm!
A jelly is nearby!
The jelly hits you but does no damage.
A jelly is nearby!
You completely miss the jelly. The jelly barely misses you.
A jelly is nearby!
You slash the jelly! The acid corrodes you!
Your hands burn!
The jelly is heavily wounded.
The jelly hits you.
You are splashed with acid.
A jelly is nearby!
You hit the jelly but do no damage.
Your hands burn!
You tail-slap the jelly.
The jelly is heavily wounded.
The jelly hits you.
You are splashed with acid!
* * * LOW HITPOINT WARNING * * *
A jelly is nearby!
You are too injured to fight recklessly!
A jelly is nearby!
You are too injured to fight recklessly!
You hit the jelly. The acid corrodes you!
Your hands burn!
* * * LOW HITPOINT WARNING * * *
The jelly is severely wounded.
The jelly hits you.
* * * LOW HITPOINT WARNING * * *
You are splashed with acid.
You die...

... #.##+# #.#..#
+.'..#.#
#.#+##.####.#
#...........#
#.#+##.####.# ##
#.#..#.# #.
+@'..#.###### #.
####J##'#.#....# #.
..........####.#####.
####.##'#.#........#.
#.#.†#.#.##.###.#.
+.+..#.#.##.# #.#.
##.####.#.##.# #.##
.............# #.#
#########.##.###.#


You could see a jelly.

Vanquished Creatures
  A dart slug (D:1)
  A ball python (D:2)
  3 bats (D:1)
  5 endoplasms
  A goblin (D:1)
  7 hobgoblins
  A frilled lizard (D:1)
  2 kobolds (D:1)
  5 rats
26 creatures vanquished.

Notes
Turn   | Place    | Note
-------+----------+-------------------------------------------
     0 | D:1      | CowFu the Draconian Monk began the quest for the Orb.
     0 | D:1      | Reached XP level 1. HP: 19/19 MP: 1/1
   159 | D:1      | Reached XP level 2. HP: 25/26 MP: 2/2
   447 | D:1      | Found a faded altar of an unknown god.
   526 | D:1      | Reached skill level 4 in Long Blades
  1019 | D:2      | Reached XP level 3. HP: 28/31 MP: 3/3
  1053 | D:2      | HP: 1/31 [jelly (2)]
  1053 | D:2      | Splashed by a jelly's acid

Illustrated notes

Levels and vault maps discovered:
D:1:      kennysheep_arrival_forest, layout_basic, ebering_ecumenical_altar_box,
          minmay_domino_4
D:2:      minmay_door_path, layout_loops_corners, kennysheep_cross_bottleneck

Skill      XL: |  1  2 |
---------------+-------+-----
Long Blades    | 4 |  4.2
Fighting       | |  3.2
Dodging        | |  2.6

Action                     || total
---------------------------++-------
  Melee: Falchion          ||    59
         Tailslap          ||     8
 Armour: Skin              ||    40
  Dodge: Dodged            ||    30

Table legend: (Time is in decaauts)
 A = Elapsed time spent in this place.
 B = Non-inter-level travel time spent in this place.
 C = Inter-level travel time spent in this place.
 D = Time resting spent in this place.
 E = Time spent auto-exploring this place.
 F = Levels seen in this place.
 G = Mean time per level.
                   A        B        C        D        E       F      G
               +--------+--------+--------+--------+--------+-----+--------+
         Total |   1061 |   1014 |     47 |      0 |    825 |   2 |  530.5 |
       Dungeon |   1061 |   1014 |     47 |      0 |    825 |   2 |  530.5 |
               +--------+--------+--------+--------+--------+-----+--------+

Top non-repeatable levels by time:
     D:1: 761 daAuts
     D:2: 299 daAuts
